 Dungeon Crawl Stone Soup version 0.23-a0-402-g64599a1 (webtiles) character file.

154 Grunt the Insei (level 5, 0/41 HPs)
             Began as a Demonspawn Monk on Nov 5, 2018.
             Succumbed to an adder's poison
             ... on level 4 of the Dungeon.
             The game lasted 00:07:03 (3034 turns).

Grunt the Insei (Demonspawn Monk)                   Turns: 3034, Time: 00:07:04

Health: 0/41       AC:  7    Str: 13    XL:     5   Next: 13%
Magic:  5/5        EV: 11    Int: 11    God:
Gold:   184        SH:  0    Dex: 15    Spells: 4/4 levels left

rFire    x . .     SeeInvis .     - Unarmed
rCold    + . .     Gourm    .   (no shield)
rNeg     + . .     Faith    .   t - +0 ring mail
rPois    .         Spirit   .   d - +2 hat
rElec    .         Reflect  .   (no cloak)
rCorr    .         Harm     .   (no gloves)
MR       .....                  (no boots)
Stlth    +.........             (no amulet)
HPRegen  0.13/turn              h - ring of ice
MPRegen  0.09/turn              k - ring of positive energy (curse)

@: lethally poisoned (0 -> -1), heavily drained
A: antennae 1, rot immunity
a: no special abilities


You were on level 4 of the Dungeon.
You were hungry.

You visited 1 branch of the dungeon, and saw 4 of its levels.

You collected 184 gold pieces.

Inventory:

Hand Weapons
 p - a +0 hunting sling
 r - a +0 blowgun
 y - a +0 halberd
Missiles
 m - 174 stones (quivered)
 s - 14 poisoned needles
Armour
 a - a +0 robe
 d - a +2 hat (worn)
 t - a +0 ring mail (worn)
Jewellery
 h - a ring of ice (left hand)
 k - a cursed ring of positive energy (right hand)
Wands
 x - a wand of polymorph (6)
 A - a wand of disintegration (15)
Scrolls
 e - 2 scrolls of enchant weapon {unknown}
 g - 2 scrolls of identify
 j - 2 scrolls of fog {unknown}
 o - 2 scrolls of teleportation {unknown}
 u - a scroll of immolation {unknown}
 w - a scroll of fear {unknown}
Potions
 c - 2 potions of haste {unknown}
 i - 3 potions of heal wounds
 l - 2 potions of agility {unknown}
 n - a potion of degeneration {unknown}
 q - a potion of curing {unknown}
 z - 2 potions of mutation {unknown}
Comestibles
 b - 4 rations


   Skills:
 + Level 3.3(1.7) Fighting
 + Level 1.1(0.0) Armour
 - Level 3.2(1.6) Dodging
 - Level 2.1(0.6) Stealth
 + Level 4.4(2.8) Unarmed Combat


You had 4 spell levels left.
You didn't know any spells.
Your spell library was empty.

Dungeon Overview and Level Annotations

Branches:
Dungeon (4/15)
 Temple: D:4-7

Altars:
Nemelex Xobeh

Annotations:
D:3 exclusion: downstairs


Innate Abilities, Weirdness & Mutations

You have a pair of small antennae on your head.
You are immune to rotting.


Message History

You hit something but do no damage.
You feel sick. Something hits you.
You miss something. Something hits you.
You hit something but do no damage.
You hear some strange, mumbled words.
Something tries to affect you, but you resist.
You closely miss something.
You hear some strange, mumbled words.
A magic dart appears from out of thin air!
The magic dart hits you!
You hit something.
You feel sick. Something completely misses you.
Your ring mail prevents you from hitting something.
Something hits you.
You miss something. Something hits you but does no damage.
You hit something but do no damage.
You hear some strange, mumbled words.
A puff of flame appears from out of thin air!
The puff of flame hits you! The fire burns you terribly!
* * * LOW HITPOINT WARNING * * *
You barely miss something.
You die...

#..........#
#..........#
#..........#
#...######..
#.#.##
#.#..####
#.##....#
#.#####)#
#.. #@# #.##
#.. #{# #..#
#.. #.# ##.#
#.# #.# #.#
#.# #.#
#<###.# #
...
#...#.#≈#.#
#.#
###.#..≈...
.(.
#....≈...
..#
##...≈...


There were no monsters in sight!

Vanquished Creatures
  A hound (D:3)
  3 gnolls
  3 adders
  An ooze (D:1)
  2 worms (D:2)
  A dart slug (D:1)
  2 leopard geckos
  An orc (D:4)
  8 bats
  2 giant cockroaches
  7 hobgoblins
  5 kobolds
  A quokka (D:3)
  2 ball pythons
  4 frilled lizards
  7 goblins
  6 rats
56 creatures vanquished.

Notes
Turn   | Place    | Note
-------+----------+-------------------------------------------
     0 | D:1      | Grunt the Demonspawn Monk began the quest for the Orb.
     0 | D:1      | Reached XP level 1. HP: 18/18 MP: 1/1
    76 | D:1      | Gained mutation: You have a pair of small antennae on your
                  | head. [demonic ancestry]
    76 | D:1      | Reached XP level 2. HP: 24/24 MP: 2/2
   110 | D:1      | Reached skill level 3 in Unarmed Combat
   737 | D:2      | Found a sparkling altar of Nemelex Xobeh.
   766 | D:2      | Gained mutation: You are immune to rotting. [demonic
                  | ancestry]
   766 | D:2      | Reached XP level 3. HP: 27/29 MP: 3/3
  2184 | D:3      | Reached XP level 4. HP: 35/35 MP: 4/4
  2331 | D:2      | Reached skill level 4 in Unarmed Combat
  2625 | D:4      | Noticed an ogre
  2648 | D:3      | Reached skill level 1 in Armour
  2648 | D:3      | Reached XP level 5. HP: 33/41 MP: 5/5
  2872 | D:4      | Noticed a phantom
  3033 | D:4      | HP: 1/41 [something/puff of flame (12)]
  3034 | D:4      | Succumbed to an adder's poison

Vault maps used:
D:1:      co_arrival_square_in_a_square_in_a_square
D:2:      nemelex_xobeh_ov_fountains_minmay
D:4:      eat_drink_and_be_merry_uskayaw, chequers_serial_rivers_micro_a

Skill      XL: |  1  2  3  4 |
---------------+-------------+-----
Unarmed Combat | 3 4 |  4.4
Dodging        | 3 |  3.2
Stealth        | 2 |  2.1
Armour         | 1 |  1.1
Fighting       | |  3.3

Action                   |  1- 3 |  4- 6 || total
-------------------------+-------+-------++-------
Melee: Unarmed           |   167 |   107 ||   274
       Punch             |       |     2 ||     2
Throw: Stone             |     2 |     2 ||     4
  Use: Scroll            |       |     1 ||     1
       Potion            |       |     1 ||     1
 Stab: Sleeping          |     3 |       ||     3
  Eat: Chunk             |     4 |     2 ||     6
Armor: Robe              |    41 |       ||    41
       Ring mail         |     6 |    33 ||    39
Dodge: Dodged            |   145 |    62 ||   207

Table legend:
 A = Non-vault XP
 B = Vault XP
 C = Vault XP percentage of total XP
 D = Non-vault monster count
 E = Vault monster count
 F = Vault count percentage of total count
                 A         B        C        D         E       F
            +---------+---------+-------+---------+---------+-------
      Total |     221 |       0 |   0.0 |      56 |       0 |   0.0
            +---------+---------+-------+---------+---------+-------
        D:1 |      27 |       0 |   0.0 |      14 |       0 |   0.0
        D:2 |      51 |       0 |   0.0 |      19 |       0 |   0.0
        D:3 |     127 |       0 |   0.0 |      21 |       0 |   0.0
        D:4 |      16 |       0 |   0.0 |       2 |       0 |   0.0
            +---------+---------+-------+---------+---------+-------
